Map: Proxima Station LE

Players

DonkeyCHEESE - Winner!

  • Race: Protoss Protoss
  • League: Master
  • Spawn Location: 1:00

ghost

  • Race: Terran Terran
  • League: Master
  • Spawn Location: 7:00

VOD

Have the link to the VOD?

Description

Time

  • Played on: June 9, 2017, 11:01 p.m.
  • Length: 14:09
Show
View Real Time Build Order
Export as new Build Order

DonkeyCHEESE Protoss - Winner!

Build Orders:  

Get SALT Encoding   

  12  0:01  Probe (Chrono Boost)  
  13  0:15  Pylon  
  13  0:23  Probe (Chrono Boost)  
  14  0:33  Probe (Chrono Boost)  
  15  0:39  Gateway  
  15  0:44  Probe (Chrono Boost)  
  15  0:45  Assimilator  
  16  0:54  Probe (Chrono Boost)  
  17  1:11  Assimilator  
  17  1:18  Probe (Chrono Boost)  
  18  1:27  Cybernetics Core  
  18  1:28  Probe (Chrono Boost)  
  19  1:39  Probe (Chrono Boost)  
  20  1:49  Pylon, Probe (Chrono Boost)  
  21  2:00  Probe (Chrono Boost)  
  22  2:06  Robotics Facility  
  22  2:09  Robotics Facility  
  22  2:16  Pylon  
  22  2:17  Adept  
  24  2:40  Pylon  
  24  2:54  Immortal  
  24  2:55  Immortal  
  32  3:09  Forge  
  34  3:32  Adept  
  34  3:38  Warp Prism  
  34  3:40  Warp Prism  
  38  3:59  Adept  
  40  4:03  Pylon  
  40  4:39  Pylon  
  40  4:49  Photon Cannon  
  40  4:52  Photon Cannon  
  38  5:11  Photon Cannon  
  38  5:12  Photon Cannon  
  38  5:14  Pylon  
  33  5:27  Probe (Chrono Boost)  
  33  5:40  Probe (Chrono Boost)  
  19  6:16  Probe (Chrono Boost)  
  20  6:18  Photon Cannon  
  20  6:28  Probe (Chrono Boost)  
  22  6:40  Probe (Chrono Boost)  
  22  7:29  Immortal  
  22  7:33  Warp Prism  
  22  7:35  Stalker  
  31  7:38  Probe (Chrono Boost)  
  31  7:50  Probe (Chrono Boost)  
  32  8:05  Stalker  
  34  8:09  Immortal  
  38  8:15  Immortal  
  42  8:36  Stalker  
  44  8:48  Immortal  
  44  8:51  Immortal  
  52  9:02  Pylon  
  52  9:28  Immortal  
  50  10:02  Immortal  
  89  10:28  Stalker  
  52  10:58  Stalker  
  54  11:08  Observer  
  55  11:16  Mothership Core (Chrono Boost)  
  57  11:28  Stalker  
  59  11:44  Gateway  
  59  11:46  Gateway  
  59  11:47  Gateway  
  59  11:58  Stalker  
  60  12:21  Nexus  
  60  12:28  Stalker  
  62  12:50  Stalker x2  
  62  12:51  Stalker  
  68  13:05  Stalker  
  68  13:12  Pylon  
  67  13:27  Probe (Chrono Boost)  
  67  13:39  Probe (Chrono Boost)  
Show
View Real Time Build Order
Export as new Build Order

ghost Terran 

Build Orders:  

Get SALT Encoding   

  12  0:01  SCV  
  13  0:13  SCV  
  14  0:21  Supply Depot  
  14  0:25  SCV  
  15  0:36  Refinery  
  15  0:43  SCV  
  15  0:45  Barracks  
  16  0:56  SCV  
  17  1:08  SCV  
  18  1:22  SCV  
  19  1:35  Orbital Command  
  19  1:40  Marine  
  19  1:46  Command Center  
  20  1:58  Refinery  
  21  2:01  SCV  
  22  2:10  Supply Depot  
  22  2:14  Factory  
  21  2:19  SCV  
  22  2:27  Barracks Reactor  
  22  2:31  SCV  
  23  2:43  SCV  
  23  2:55  SCV  
  24  2:59  Orbital Command  
  24  3:01  Starport  
  24  3:02  Factory Reactor  
  24  3:07  SCV  
  24  3:10  Marine x2  
  27  3:19  SCV  
  28  3:25  SCV  
  29  3:33  SCV, Marine x2  
  32  3:37  SCV  
  32  3:38  Medivac  
  32  3:39  Widow Mine x2  
  39  3:45  SCV  
  40  3:49  Barracks  
  40  3:55  Marine  
  40  3:56  Barracks, Marine  
  40  4:01  SCV x2  
  44  4:07  Widow Mine  
  46  4:19  Supply Depot  
  46  4:20  Supply Depot  
  46  4:32  Supply Depot  
  46  4:40  SCV x2, Medivac, Marine x2, Widow Mine  
  54  4:52  SCV  
  54  4:54  Widow Mine  
  57  5:02  Marine x4  
  59  5:20  Marine x4  
  58  5:44  SCV, Marine  
  58  5:46  Marine  
  53  5:57  Marine  
  47  6:02  Marine  
  47  6:03  SCV  
  47  6:04  Marine  
  43  6:06  Command Center  
  38  6:14  Marine  
  39  6:20  Marine  
  39  6:21  Marine  
  41  6:32  Marine  
  41  6:38  Marine  
  41  6:39  Marine  
  42  6:50  Marine  
  42  6:56  Marine  
  42  6:57  Marine  
  43  7:13  Marine  
  43  7:15  Marine  
  44  7:20  Factory, Cyclone  
  44  7:21  Cyclone  
  44  7:22  Barracks Tech Lab  
  50  7:24  Orbital Command  
  49  7:36  SCV  
  50  7:49  SCV  
  51  7:53  Refinery  
  51  7:55  Refinery  
  50  8:04  Supply Depot x2  
  50  8:16  Factory  
  50  8:19  Marine x2  
  50  8:20  Marine  
  51  8:37  Marine x3  
  53  8:55  Marine  
  54  8:57  Stimpack  
  53  9:10  SCV  
  53  9:11  SCV  
  41  9:43  Marine x2  
  41  9:44  Marine  
  41  9:48  Factory Tech Lab  
  35  9:55  SCV x2  
  31  10:01  Marine x2  
  31  10:02  Marine  
  28  10:07  SCV x2  
  27  10:19  SCV, Marine x2  
  31  10:25  Viking  
  30  10:44  SCV x2  
  31  10:56  SCV  
  12  11:33  Orbital Command  
  12  11:55  Orbital Command  
  12  12:05  Orbital Command  
  12  12:08  Viking  
  10  13:26  Orbital Command  
Tags
 
Add a new tag
Caveats
  • Supply blocks, unpowered buildings, or Contaminate may cause inaccurate times.
  • Supply counts are checked every 10 seconds.